 Dungeon Crawl Stone Soup version 0.25.0-41-g26779e291d (webtiles) character file.

Game seed: 17159976007109601296

466 schauveau the Skirmisher (level 6, -1/57 HPs)
             Began as a Minotaur Monk on July 10, 2020.
             Was a Priest of Okawaru.
             Slain by a two-headed ogre
             ... wielding a +0 giant club
              (7 damage)
             ... on level 6 of the Dungeon.
             The game lasted 00:06:55 (4831 turns).

schauveau the Skirmisher (Minotaur Monk)            Turns: 4831, Time: 00:06:56

Health: -1/57      AC: 10    Str: 18    XL:     6   Next: 81%
Magic:  5/5        EV:  6    Int:  7    God:    Okawaru [***...]
Gold:   126        SH:  7    Dex: 12    Spells: 5/5 levels left

rFire    . . .     SeeInvis .   a - +0 war axe
rCold    . . .     Gourm    .   t - +0 kite shield
rNeg     . . .     Faith    .   u - +0 chain mail
rPois    .         Spirit   .   (helmet restricted)
rElec    .         Reflect  .   v - scarf {repulsion}
rCorr    .         Harm     .   n - +0 pair of gloves
MR       .....                  (no boots)
Stlth    ..........             (no amulet)
HPRegen  0.19/turn              (no ring)
MPRegen  0.09/turn              (no ring)

@: repel missiles
A: retaliatory headbutt, horns 2
a: Heroism, Renounce Religion


You were on level 6 of the Dungeon.
You worshipped Okawaru.
Okawaru was most pleased with you.
You were not hungry.

You visited 1 branch of the dungeon, and saw 6 of its levels.

You collected 126 gold pieces.

Inventory:

Hand Weapons
 a - a +0 war axe (weapon)
 d - a +0 hand axe
 y - a +0 flail
Missiles
 w - 10 boomerangs (quivered)
Armour
 n - a +0 pair of gloves (worn)
 t - a +0 kite shield (worn)
 u - a +0 chain mail (worn)
 v - a scarf of repulsion (worn)
Jewellery
 f - an uncursed ring of magical power
 r - an uncursed ring of magical power
 x - an uncursed ring of positive energy {unknown}
Wands
 A - a wand of disintegration (20)
Scrolls
 b - a scroll of teleportation {unknown}
 e - a scroll of amnesia {unknown}
 i - 4 scrolls of magic mapping {unknown}
 j - 2 scrolls of noise {unknown}
 k - a scroll of blinking {unknown}
 l - 6 scrolls of remove curse {unknown}
 q - a scroll of immolation {unknown}
 s - 5 scrolls of identify {unknown}
 z - a scroll of enchant armour {unknown}
Potions
 g - 3 potions of degeneration {unknown}
 h - 2 potions of haste {unknown}
 m - 2 potions of heal wounds {unknown}
 o - 2 potions of lignification
 p - 5 potions of curing {unknown}
Comestibles
 c - 2 rations


   Skills:
 + Level 5.7 Fighting
 + Level 5.6 Axes
 + Level 3.9 Armour
 + Level 5.1 Dodging
 - Level 1.5 Stealth


You had 5 spell levels left.
You didn't know any spells.
Your spell library was empty.

Dungeon Overview and Level Annotations

Branches:
Dungeon (6/15)
 Temple: D:4-7

Altars:
Cheibriados
Hepliaklqana
Nemelex Xobeh
Okawaru
Qazlal
Ru
Trog
Wu Jian
The Shining One


Innate Abilities, Weirdness & Mutations

You reflexively headbutt those who attack you in melee.
You have a pair of horns on your head.


Message History

You hit the iguana.
The iguana is moderately wounded.
You block the iguana's attack.
You hit the iguana but do no damage. You headbutt the iguana.
The iguana is heavily wounded.
The iguana barely misses you. You furiously retaliate!
You headbutt the iguana, but do no damage.
The iguana bites you but does no damage.
Your shield prevents you from hitting the iguana.
You headbutt the iguana.
The iguana is heavily wounded.
You hit the two-headed ogre.
Your headbutt misses the two-headed ogre.
The two-headed ogre is lightly wounded.
You slash the two-headed ogre!
The two-headed ogre is lightly wounded.
The two-headed ogre hits you with a +0 giant club!!
* * * LOW HITPOINT WARNING * * *
The two-headed ogre hits you with a +0 giant spiked club!
You die...

######.......#..##
#.................#
#.######.####......
#.######.#####.....
................#..
.####.<.###......#
#####.####(.......
#.....# #........
#@##### .........
#O# ...... ##l#
#lF# #.....#
.......$#
........(...
...........##
.J..........


You could see a two-headed ogre, a bullfrog, an iguana and a leopard gecko.

Vanquished Creatures
  3 bullfrog zombies (D:5)
  A jelly (D:5)
  A hound (D:5)
  An orc priest (D:5)
  An orc wizard (D:5)
  2 iguanas
  3 worker ants
  A worker ant zombie (D:5)
  4 adders
  A howler monkey skeleton (D:4)
  A shadow imp (D:6)
  An ooze (D:2)
  2 worms
  6 orcs (D:5)
  7 bats
  4 giant cockroaches
  5 goblins
  5 hobgoblins
  2 quokkas
  3 ball pythons
  6 kobolds
  A quokka skeleton (D:4)
  5 rats
66 creatures vanquished.

Notes
Turn   | Place    | Note
-------+----------+-------------------------------------------
     0 | D:1      | schauveau the Minotaur Monk began the quest for the Orb.
     0 | D:1      | Reached XP level 1. HP: 19/19 MP: 0/0
   419 | D:1      | Reached XP level 2. HP: 27/27 MP: 1/1
   650 | D:1      | Reached skill level 1 in Armour
  1235 | D:2      | Reached XP level 3. HP: 30/33 MP: 2/2
  1495 | D:2      | Found a bloodstained altar of Trog.
  1496 | D:2      | Found a glowing golden altar of the Shining One.
  1540 | D:2      | Reached XP level 4. HP: 9/41 MP: 3/3
  1984 | D:2      | Found a sacrificial altar of Ru.
  1987 | D:2      | Found a stormy altar of Qazlal.
  2182 | D:2      | Found an iron altar of Okawaru.
  2186 | D:2      | Found a snail-covered altar of Cheibriados.
  2251 | D:2      | Became a worshipper of Warmaster Okawaru
  2251 | D:2      | Reached * piety under Okawaru
  2251 | D:2      | Reached ** piety under Okawaru
  2436 | D:3      | Found a sparkling altar of Nemelex Xobeh.
  2769 | D:3      | Found a hazy altar of Hepliaklqana.
  2883 | D:3      | You fall into a shaft and drop 1 floor!
  2944 | D:4      | Reached XP level 5. HP: 36/47 MP: 4/4
  3099 | D:4      | You fall into a shaft and drop 1 floor!
  3099 | D:5      | Entered Level 5 of the Dungeon
  3198 | D:5      | Reached skill level 5 in Fighting
  3206 | D:5      | Reached skill level 5 in Axes
  3698 | D:5      | Reached XP level 6. HP: 51/56 MP: 5/5
  4071 | D:5      | Reached skill level 5 in Dodging
  4143 | D:5      | Found an ornate altar of the Wu Jian Council.
  4756 | D:6      | Reached *** piety under Okawaru
  4819 | D:6      | Noticed a two-headed ogre
  4831 | D:6      | Slain by a two-headed ogre

Illustrated notes

Levels and vault maps discovered:
D:1:      giann_bridges, layout_loops_ring
D:2:      layout_loops_cross, grunt_temple_overflow_open,
          chequers_temple_overflow_statue_of_worship,
          gammafunk_temple_overflow_pools, grunt_ministairs_1, minivault_24
D:3:      layout_basic, old_standard_altar, overflow_temple_1_default,
          hangedman_decor_points, nemelex_diamond_rough_becter
D:4:      layout_basic, kennysheep_mini, first_ration,
          makhleb_blood_cavern_becter
D:5:      layout_layer_cave, lemuel_coloured_pillars_altar
D:6:      layout_rooms, dancing_weapons_uskayaw, minmay_manual_monolith

Skill      XL: |  1  2  3  4  5  6 |
---------------+-------------------+-----
Armour         | 1 2 3 |  3.9
Fighting       | 4 5 |  5.7
Axes           | 4 5 |  5.6
Dodging        | 4 5 |  5.1
Stealth        | |  1.5

Action                   |  1- 3 |  4- 6 || total
-------------------------+-------+-------++-------
Melee: Hand axe          |    79 |    90 ||   169
       Headbutt          |    10 |    32 ||    42
       War axe           |       |    46 ||    46
  Use: Potion            |       |     1 ||     1
 Stab: Sleeping          |       |     1 ||     1
  Eat: Chunk             |     2 |     6 ||     8
       Ration            |       |     2 ||     2
Armor: Leather armour    |    25 |     8 ||    33
       Chain mail        |       |    52 ||    52
Dodge: Dodged            |    52 |    46 ||    98
Block: Kite shield       |       |    35 ||    35
